 Dungeon Crawl Stone Soup version 0.15-a0-1073-g74d0bc9 (webtiles) character file.

17175 Quh the Thaumaturge (level 12, -9/68 HPs)
             Began as a Deep Elf Wizard on May 27, 2014.
             Was a High Priest of Vehumet.
             Mangled by a freezing wraith (23 damage)
             ... in an ice cave.
             The game lasted 01:51:39 (16506 turns).

Quh the Thaumaturge (Deep Elf Wizard)              Turns: 16506, Time: 01:51:39

HP  -9/68        AC  8     Str  8      XL: 12   Next: 16%
MP  17/35        EV 14     Int 25      God: Vehumet [*****.]
Gold 588         SH  0     Dex 13      Spells:  9 memorised,  5 levels left

rFire  + . .     SeeInvis .     N - staff of poison
rCold  . . .     Clarity  .     B - +2 robe {rF+}
rNeg   . . .     Conserve .     (no shield)
rPois  +         rCorr    .     v - +1 hat
rElec  .         rRot     .     r - +0 cloak
SustAb .         Spirit   .     P - +0 pair of gloves
rMut   .         Warding  .     h - +0 pair of boots
Gourm  .         Stasis   .     (no amulet)
MR     +....                    t - cursed ring of regeneration
                                C - ring of poison resistance

@: slowed, repel missiles, very slow, somewhat resistant to hostile
enchantments, stealthy
A: no striking features
a: Renounce Religion


You were in an ice cave.
You worshipped Vehumet.
Vehumet was extremely pleased with you.
You were not hungry.

You visited 4 branches of the dungeon, and saw 15 of its levels.
You also visited: Ossuary and Ice Cave.

You collected 784 gold pieces.
You spent 196 gold pieces at shops.

Inventory:

Hand weapons
 E - the +3,+1 dagger of Skugesy {stab, rC++ Str+1}
   (You bought it in a shop on level 5 of the Dungeon)

   It inflicts extra damage upon your enemies.
   It affects your strength (+1).
   It greatly protects you from cold.
Armour
 h - a +0 pair of boots (worn)
 r - a +0 cloak (worn)
 v - a +1 hat (worn)
 B - a +2 robe of fire resistance (worn)
 P - a +0 pair of gloves (worn)
Magical devices
 q - a wand of flame (9)
 K - a wand of random effects (10) {unknown}
 R - a wand of magic darts (7) {unknown}
Comestibles
 d - 7 bread rations
 n - 7 fruits
 p - 2 meat rations
 z - 4 chunks of naga flesh
 M - 8 slices of pizza
Scrolls
 b - a scroll of vulnerability {unknown}
 f - 9 scrolls of identify
 g - a scroll of enchant armour {unknown}
 i - a scroll of recharging
 u - a scroll of amnesia
 w - 7 scrolls of fog
 x - 4 scrolls of teleportation
 y - 3 scrolls of blinking {unknown}
 A - 3 scrolls of fear {unknown}
 H - 4 scrolls of immolation {unknown}
 I - a scroll of silence {unknown}
 O - 2 scrolls of torment {unknown}
 Q - 4 scrolls of enchant weapon II
 T - a scroll of enchant weapon I {unknown}
 W - 2 scrolls of remove curse
Jewellery
 t - a cursed ring of regeneration (right hand)
 C - a ring of poison resistance (left hand)
 L - an uncursed ring of see invisible
 S - an uncursed ring of teleportation
 U - an uncursed ring of positive energy
 Y - a +3 ring of intelligence {unknown}
Potions
 a - a potion of resistance
 e - 4 potions of flight
 j - 6 potions of heal wounds
 k - 9 potions of curing
 l - 2 potions of restore abilities
 o - a potion of brilliance
 s - a potion of haste
 D - 2 potions of mutation
 J - 2 potions of might
Books
 c - a book of Minor Magic

   Spells                             Type                      Level
   *Magic Dart                        Conjuration                  1
   *Blink                             Translocation                2
   Call Imp                           Summoning                    2
   *Repel Missiles                    Charms/Air                   2
   Slow                               Hexes                        2
   Conjure Flame                      Conjuration/Fire             3
   *Mephitic Cloud                    Conjuration/Poison/Air       3
 G - a book of Conjurations

   Spells                             Type                      Level
   *Magic Dart                        Conjuration                  1
   *Searing Ray                       Conjuration                  2
   Dazzling Spray                     Conjuration/Hexes            3
   Fulminant Prism                    Conjuration/Hexes            4
   *Iskenderun's Mystic Blast         Conjuration                  4
   *Iskenderun's Battlesphere         Conjuration/Charms           5
Magical staves
 N - an uncursed staff of poison (weapon)
Miscellaneous
 X - a plain deck of war


   Skills:
 - Level 5.6 Fighting
 - Level 4.7 Dodging
 - Level 9.0 Stealth
 * Level 12.2 Spellcasting
 * Level 9.8 Conjurations
 - Level 10.3 Charms
   Level 1.3 Summonings
 - Level 1.4 Translocations
 * Level 6.1 Transmutations
 * Level 3.3 Air Magic
 * Level 6.3 Poison Magic
 - Level 3.1 Evocations


You had 5 spell levels left.
You knew the following spells:

 Your Spells              Type           Power        Failure   Level  Hunger
a - Magic Dart            Conj           ####         1%          1    None
b - Blink                 Tloc           N/A          3%          2    None
c - Ignite Poison         Fire/Trmt      ####......   10%         5    ##.....
d - Repel Missiles        Chrm/Air       #####.       1%          2    None
e - Mephitic Cloud        Conj/Pois/Air  ######..     1%          3    None
f - Iskenderun's Battles  Conj/Chrm      ######..     1%          5    ##.....
g - Searing Ray           Conj           ######       1%          2    None
h - Iskenderun's Mystic   Conj           ######..     1%          4    None
i - Poisonous Cloud       Conj/Pois/Air  ######....   12%         6    #####..


Dungeon Overview and Level Annotations

Branches:
Dungeon (9/15)             Temple (1/1) D:6            Lair (4/8) D:9
  Snake (1/5) Lair:4
    Orc: D:9-12       Swamp: Lair:3-6    Shoals: Lair:3-6    Spider: Lair:3-6

Altars:
Ashenzari
Cheibriados
Dithmenos
Elyvilon
Fedhas
Gozag
Kikubaaqudgha
Makhleb
Nemelex Xobeh
Okawaru
Qazlal
Sif Muna
Trog
Vehumet
Xom
Yredelemnul
Zin
The Shining One

Shops:
D:5 *   D:7 :


Message History

The freezing wraith completely misses you.
The freezing wraith hits you. The freezing wraith drains your vigor!
You feel as though you will be slow longer.
The freezing wraith hits you! The freezing wraith freezes you!
* * * LOW HITPOINT WARNING * * *
The freezing wraith misses you.
Casting: Iskenderun's Battlesphere
Confirm with . or Enter, or press ? or * to list all spells.
Aiming: Searing Ray
Press: ? - help, Shift-Dir - straight line, f/p - freezing wraith
Aim: a freezing wraith (moderately damaged)
The searing ray hits the freezing wraith.
The freezing wraith is heavily damaged.
Your battlesphere fires!
The barrage of energy hits the freezing wraith.
The freezing wraith is heavily damaged.
The freezing wraith hits you!
* * * LOW HITPOINT WARNING * * *
The freezing wraith freezes you!!
You die...

#####
##.§.###
#..W...#
#.@##...#
#...#
...#
##..##
#...
#*..## ..
#....#
#∩..##
##..∩#
####


You could see a freezing wraith.

Vanquished Creatures
  Snorg (Lair:4)
  2 hydras (Lair:2)
  An anaconda (Snake:1)
  A wolf spider (Lair:2)
  2 black mambas (Lair:3)
  2 spiny frogs (Lair:4)
  A naga mage (Snake:1)
  5 komodo dragons
  A feature mimic (Lair:1)
  A freezing wraith (IceCv)
  Prince Ribbit (D:7)
  5 yaks
  13 blink frogs
  2 hogs (D:7)
  A hungry ghost (D:8)
  A human (D:7)
  3 hippogriffs
  Edmund (D:7)
  5 porcupines
  2 water moccasins (D:9)
  3 orc warriors
  2 black bears (D:9)
  An alligator simulacrum (IceCv)
  7 ogres
  4 centaurs
  2 phantoms
  A manticore skeleton (D:9)
  5 sky beasts
  A crocodile (Lair:3)
  11 ice beasts
  5 big kobolds
  2 elf zombies
  2 giant frogs
  4 giant slugs
  2 scorpions
  2 centaur zombies (Ossuary)
  A goliath beetle (D:8)
  3 crimson imps
  An orc priest (D:7)
  A yellow wasp zombie (D:7)
  A jelly (D:9)
  A black bear zombie (D:6)
  2 human zombies (Ossuary)
  5 iguanas
  A hound (D:9)
  An iron imp (D:7)
  9 worker ants
  A wolf simulacrum (IceCv)
  A sheep (D:7)
  3 mummies (Ossuary)
  2 worker ant zombies (D:5)
  11 adders
  21 green rats
  3 gnolls (D:9)
  2 giant mites (D:5)
  2 white imps (IceCv)
  A worm zombie (D:9)
  5 orc wizards
  A shadow imp (D:5)
  7 worms
  3 adder zombies (Ossuary)
  2 orc skeletons
  4 giant geckos
  An ooze (D:4)
  15 orcs
  24 bats
  A bat skeleton (D:5)
  7 giant cockroaches
  12 goblins
  12 hobgoblins
  21 kobolds
  6 quokkas
  A ball python (D:3)
  5 giant newts
  A giant spore (D:7)
  3 goblin zombies (Ossuary)
  A hobgoblin skeleton (D:5)
  3 hobgoblin zombies (Ossuary)
  16 jackals
  6 jackal zombies (Ossuary)
  4 kobold zombies (Ossuary)
  3 orc zombies (Ossuary)
  3 quokka zombies (Ossuary)
  12 rats
  A rat zombie (Ossuary)
  A ballistomycete (D:7)
359 creatures vanquished.

Vanquished Creatures (collateral kills)
  An ogre (D:4)
  An orc wizard (D:5)
  A sheep (D:7)
  An adder (D:4)
  2 orcs
  A jackal (D:3)
  A kobold (D:4)
  A rat skeleton (D:5)
9 creatures vanquished.

Vanquished Creatures (others)
  3 crimson imps
  An iron imp (D:7)
  A shadow imp (D:5)
  3 white imps
  6 plants (D:9)
14 creatures vanquished.

Grand Total: 382 creatures vanquished

Notes
Turn   | Place    | Note
--------------------------------------------------------------
     0 | D:1      | Quh, the Deep Elf Wizard, began the quest for the Orb.
     0 | D:1      | Reached XP level 1. HP: 10/10 MP: 6/6
     6 | D:1      | Noticed a hog
     6 | D:1      | Noticed a lindwurm
     6 | D:1      | Noticed a black bear
   412 | D:1      | Reached XP level 2. HP: 15/15 MP: 2/10
   419 | D:1      | Learned a level 2 spell: Blink
   422 | D:1      | Learned a level 2 spell: Call Imp
   425 | D:1      | Learned a level 2 spell: Repel Missiles
  1080 | D:2      | Reached XP level 3. HP: 19/19 MP: 11/13
  1085 | D:2      | Learned a level 3 spell: Mephitic Cloud
  1853 | D:3      | Reached skill level 5 in Spellcasting
  2015 | D:3      | Reached skill level 1 in Air Magic
  2188 | D:3      | Reached XP level 4. HP: 24/24 MP: 12/17
  2329 | D:3      | Reached skill level 1 in Poison Magic
  3590 | D:4      | Reached XP level 5. HP: 15/28 MP: 8/19
  3850 | D:4      | Noticed an ogre
  3863 | D:4      | Killed an ogre
  3940 | D:5      | Entered Level 5 of the Dungeon
  3963 | D:5      | Noticed a sky beast
  4005 | D:5      | Killed a sky beast
  4005 | D:5      | Reached XP level 6. HP: 23/33 MP: 0/21
  4257 | D:5      | Noticed a centaur
  4275 | D:5      | Killed a centaur
  4275 | D:5      | Reached skill level 1 in Fighting
  4614 | D:5      | Noticed an ice beast
  4624 | D:5      | Found Smahawae's Assorted Antiques.
  4629 | D:5      | Killed an ice beast
  4632 | D:5      | Bought an encrusted dagger for 196 gold pieces
  4633 | D:5      | Identified the cursed +3,+1 dagger of Skugesy {stab, rC++ Str+1} (You bought it in a shop on level 5 of the Dungeon)
  4905 | D:5      | Noticed a sky beast
  4930 | D:5      | Killed a sky beast
  4930 | D:5      | Reached skill level 6 in Spellcasting
  4930 | D:5      | Reached XP level 7. HP: 40/40 MP: 7/24
  5462 | D:5      | Noticed an ogre
  5468 | D:5      | Noticed a phantom
  5502 | D:5      | Killed an ogre
  5521 | D:5      | Killed a phantom
  5521 | D:5      | Reached skill level 5 in Conjurations
  5710 | D:5      | Learned a level 5 spell: Iskenderun's Battlesphere
  5713 | D:5      | Learned a level 2 spell: Searing Ray
  5764 | D:5      | Noticed a sky beast
  5777 | D:5      | Killed a sky beast
  5777 | D:5      | Reached skill level 1 in Charms
  6098 | D:5      | Noticed an ice beast
  6119 | D:5      | Killed an ice beast
  6119 | D:5      | Reached XP level 8. HP: 40/45 MP: 1/25
  6900 | D:6      | Found a staircase to the Ecumenical Temple.
  6914 | Temple   | Entered the Ecumenical Temple
  6944 | Temple   | Became a worshipper of Vehumet
  7615 | D:7      | Reached skill level 7 in Spellcasting
  7810 | D:7      | Reached skill level 5 in Charms
  8412 | D:7      | Noticed Edmund
  8499 | D:7      | Killed Edmund
  8499 | D:7      | Reached XP level 9. HP: 49/49 MP: 3/27
  8509 | D:7      | Reached skill level 8 in Conjurations
  8856 | D:7      | Found Frorob's Book Shoppe.
  8954 | D:7      | Noticed Prince Ribbit
  8963 | D:7      | Killed Prince Ribbit
  8981 | D:7      | Learned a level 4 spell: Iskenderun's Mystic Blast
  9213 | D:8      | Found a sand-covered staircase.
  9218 | Ossuary  | Entered an ossuary
  9231 | Ossuary  | Acquired Vehumet's first power
  9231 | Ossuary  | Offered knowledge of Shock by Vehumet.
  9541 | Ossuary  | Reached skill level 1 in Evocations
  9691 | Ossuary  | Offered knowledge of Sandblast by Vehumet.
 10168 | D:8      | Reached skill level 9 in Charms
 10323 | D:8      | Found a blossoming altar of Fedhas.
 10362 | D:8      | Found a stormy altar of Qazlal.
 10697 | D:8      | Offered knowledge of Stone Arrow by Vehumet.
 10903 | D:8      | Upgraded the game from 0.15-a0-1029-ge69a1e2 to 0.15-a0-1073-g74d0bc9
 10942 | D:8      | Reached skill level 10 in Charms
 11027 | D:8      | Learned a level 3 spell: Stone Arrow
 11258 | D:9      | Reached XP level 10. HP: 56/56 MP: 27/30
 11277 | D:9      | Acquired Vehumet's second power
 11545 | D:9      | Offered knowledge of Static Discharge by Vehumet.
 11551 | D:9      | Reached skill level 5 in Stealth
 12140 | D:9      | Noticed a komodo dragon
 12143 | D:9      | Found a staircase to the Lair.
 12151 | D:9      | Killed a komodo dragon
 12259 | Lair:1   | Entered Level 1 of the Lair of Beasts
 12509 | Lair:1   | Acquired Vehumet's third power
 12533 | Lair:1   | Offered knowledge of Ignite Poison by Vehumet.
 12757 | Lair:1   | Reached skill level 10 in Spellcasting
 12910 | Lair:1   | Learned a level 5 spell: Ignite Poison
 13329 | Lair:1   | Reached skill level 1 in Transmutations
 13522 | Lair:2   | Noticed a wolf spider
 13526 | Lair:2   | Killed a wolf spider
 13526 | Lair:2   | Reached XP level 11. HP: 62/62 MP: 22/32
 13758 | Lair:3   | Reached skill level 5 in Fighting
 14218 | Lair:2   | Offered knowledge of Poisonous Cloud by Vehumet.
 14244 | Lair:2   | Found a basalt altar of Yredelemnul.
 14447 | Lair:2   | Noticed a four-headed hydra
 14470 | Lair:2   | Killed a four-headed hydra
 14470 | Lair:2   | Reached skill level 11 in Spellcasting
 14495 | Lair:2   | Noticed a five-headed hydra
 14510 | Lair:2   | Killed a five-headed hydra
 14546 | Lair:2   | Learned a level 6 spell: Poisonous Cloud
 14594 | Lair:2   | Reached skill level 5 in Transmutations
 14594 | Lair:2   | Reached skill level 5 in Poison Magic
 15635 | Lair:4   | Noticed Snorg
 15644 | Lair:4   | Killed Snorg
 15824 | Lair:4   | Reached skill level 12 in Spellcasting
 15913 | Lair:4   | Found an ancient bone altar of Kikubaaqudgha.
 15941 | Lair:4   | Found a staircase to the Snake Pit.
 15952 | Snake:1  | Entered Level 1 of the Snake Pit
 16037 | Snake:1  | Noticed an anaconda
 16046 | Snake:1  | Killed an anaconda
 16046 | Snake:1  | Reached XP level 12. HP: 17/68 MP: 30/35
 16153 | Snake:1  | Found a frozen archway.
 16482 | IceCv    | Entered an ice cave
 16506 | IceCv    | Mangled by a freezing wraith

Action                   |  1- 3 |  4- 6 |  7- 9 | 10-12 || total
-------------------------+-------+-------+-------+-------++-------
Melee: Unarmed           |     3 |       |       |       ||     3
       Dagger            |     8 |    23 |    79 |    35 ||   145
       Short sword       |       |       |       |     2 ||     2
       Staff             |       |       |       |     1 ||     1
 Cast: Magic Dart        |    94 |   124 |   281 |   327 ||   826
       Call Imp          |       |    23 |    17 |     1 ||    41
       Mephitic Cloud    |       |    17 |    22 |    11 ||    50
       Blink             |       |     2 |     7 |     3 ||    12
       Repel Missiles    |       |     1 |       |       ||     1
       Searing Ray       |       |       |   120 |    82 ||   202
       Iskenderun's Batt |       |       |    18 |    57 ||    75
       Iskenderun's Myst |       |       |     1 |     4 ||     5
       Stone Arrow       |       |       |       |     6 ||     6
       Ignite Poison     |       |       |       |     5 ||     5
       Poisonous Cloud   |       |       |       |     1 ||     1
Evoke: Wand              |       |       |       |     1 ||     1
  Use: Scroll            |     8 |       |     7 |    10 ||    25
       Potion            |       |       |       |     1 ||     1
 Stab: Sleeping          |     1 |       |       |       ||     1
       Confused          |       |       |     3 |       ||     3
